AoeStats
← Drovka

Arena

507845550Analyzed
4v4 RM · 11d ago on Sep 19, 2026· 60m 4s· 8 players
Game mode
Random Map
Map size
Large (8 player)
Population
200
Speed
Normal
Resources
Standard
Victory
Conquest
Starting age
Dark Age
Ending age
Imperial Age
RankedLock teamsTeams togetherTeam positionsShared explorationLock speedFull tech treeHidden civsTurbo modeCheats
Victory
Defeat
🇨🇴 Italians · Colombia
1309
+11
🇨🇴 Burgundians · Colombia
1273
+13
🇨🇴 Maya · Colombia
1257
+13
🇨🇴 Poles · Colombia
1205
+15
🇦🇷 Britons · Argentina
1253
-15
🇨🇭 Persians · Switzerland
1248
-15
🇬🇧 Inca · United Kingdom
1146
-11
🇲🇽 Mongols · Mexico
1134
-11
Drovka
0:31 Loom
10:59 Feudal Age
11:59 Double-Bit Axe
11:55 Horse Collar
16:27 Castle Age
15:04 Gold Mining
18:32 Bow Saw
18:23 Heavy Plow
22:17 Wheelbarrow
21:43 Fletching
25:21 Town Watch
26:27 Hand Cart
26:26 Bodkin Arrow
28:06 Padded Archer Armor
32:34 Imperial Age
32:03 Scale Mail Armor
32:19 Leather Archer Armor
32:15 Forging
32:30 Stone Mining
32:10 Pikeman
33:27 Bracer
33:45 Chain Mail Armor
35:33 Conscription
35:50 Iron Casting
34:36 Halberdier
37:52 Plate Mail Armor
37:30 Elite Plumed Archer
39:35 Blast Furnace
41:25 Capped Ram
44:10 Siege Ram
46:24 Arson
46:40 Squires
47:13 Ring Archer Armor
47:48 Chemistry
47:09 Ballistics
54:46 Thumb Ring
55:14 Crop Rotation
55:44 Two-Man Saw
55:21 Stone Shaft Mining
54:38 Eagle Warrior
56:23 Holcans
55:17 Elite Eagle Warrior
johnmaestre1
11:07 Feudal Age
10:41 Loom
14:29 Castle Age
13:13 Double-Bit Axe
18:27 Padded Archer Armor
20:58 Bow Saw
23:23 Horse Collar
25:50 Wheelbarrow
26:32 Stone Mining
31:38 Imperial Age
29:22 Fletching
29:41 Scale Mail Armor
30:36 Forging
30:41 Squires
31:02 Bodkin Arrow
32:07 Chain Mail Armor
32:59 Iron Casting
33:39 Leather Archer Armor
33:56 Plate Mail Armor
35:08 Chemistry
38:11 Ring Archer Armor
39:25 Two-Man Saw
39:29 Blast Furnace
42:41 Bracer
43:18 Capped Ram
44:13 Elite Genoese Crossbowman
56:55 Pikeman
danmen2001
11:25 Feudal Age
12:42 Loom
15:33 Castle Age
14:06 Double-Bit Axe
20:19 Bow Saw
23:22 Horse Collar
24:15 Heavy Plow
28:09 Imperial Age
26:54 Wheelbarrow
26:05 Town Watch
26:47 Scale Barding Armor
26:52 Forging
28:10 Szlachta Privileges
29:34 Hand Cart
30:05 Bloodlines
29:55 Husbandry
29:17 Cavalier
30:44 Chain Barding Armor
30:59 Iron Casting
30:34 Gold Mining
32:15 Conscription
34:55 Blast Furnace
33:46 Fletching
36:27 Siege Engineers
36:44 Ballistics
37:59 Light Cavalry
39:55 Chemistry
38:51 Murder Holes
39:07 Fortified Wall
38:47 Guard Tower
39:09 Masonry
38:39 Treadmill Crane
40:46 Winged Hussar
42:05 Lechitic Legacy
44:40 Pikeman
45:20 Squires
45:05 Arson
45:46 Scale Mail Armor
46:47 Chain Mail Armor
49:04 Hoardings
53:11 Plate Mail Armor
52:38 Bodkin Arrow
52:43 Padded Archer Armor
54:05 Devotion
54:26 Sanctity
54:16 Redemption
54:17 Fervor
54:23 Block Printing
58:16 Caravan
MZTK | John_Wick
12:33 Feudal Age
13:32 Loom
13:59 Town Watch
17:17 Castle Age
15:21 Double-Bit Axe
16:15 Scale Barding Armor
17:10 Horse Collar
18:32 Chain Barding Armor
24:54 Forging
27:33 Wheelbarrow
30:37 Hand Cart
32:08 Gold Mining
34:18 Fletching
35:05 Iron Casting
36:35 Husbandry
38:25 Burgundian Vineyards
42:17 Imperial Age
39:41 Cavalier
41:26 Bodkin Arrow
41:10 Light Cavalry
42:21 Hussar
43:38 Plate Barding Armor
44:03 Blast Furnace
43:51 Conscription
44:32 Paladin
46:10 Ballistics
48:01 Chemistry
Gouldy928
9:59 Feudal Age
14:04 Castle Age
13:24 Double-Bit Axe
13:20 Horse Collar
19:45 Bow Saw
26:04 Wheelbarrow
26:49 Town Watch
28:49 Hand Cart
28:38 Heavy Plow
30:53 Loom
32:22 Forging
33:59 Scale Mail Armor
34:40 Padded Archer Armor
35:26 Fortified Wall
34:57 Treadmill Crane
35:12 Elite Skirmisher
35:59 Fletching
37:03 Ballistics
37:07 Bodkin Arrow
37:24 Masonry
37:39 Andean Sling
38:00 Thumb Ring
38:39 Gold Mining
38:39 Stone Mining
41:53 Imperial Age
41:25 Murder Holes
42:01 Leather Archer Armor
42:02 Chain Mail Armor
43:07 Conscription
43:34 Siege Engineers
45:38 Iron Casting
45:33 Plate Mail Armor
45:52 Bracer
48:02 Ring Archer Armor
48:32 Blast Furnace
48:51 Gold Shaft Mining
48:48 Crop Rotation
49:34 Chemistry
48:15 Elite Kamayuk
49:17 Fabric Shields
50:05 Coinage
51:47 Banking
52:48 Guard Tower
J_Dav
10:07 Feudal Age
15:18 Castle Age
16:02 Bloodlines
18:44 Town Watch
23:55 Scale Barding Armor
25:25 Forging
31:41 Imperial Age
29:45 Horse Collar
32:10 Iron Casting
31:28 Double-Bit Axe
33:27 Wheelbarrow
32:40 Loom
35:50 Heavy Plow
35:14 Heavy Camel Rider
38:29 Blast Furnace
39:27 Chain Barding Armor
39:30 Bow Saw
41:27 Hand Cart
44:58 Gold Mining
46:42 Fletching
50:09 Bodkin Arrow
51:41 Bracer
51:42 Padded Archer Armor
51:13 Light Cavalry
52:39 Light Cavalry
55:04 Leather Archer Armor
55:06 Hussar
Peshgaldaramash
11:42 Feudal Age
16:02 Castle Age
15:23 Double-Bit Axe
15:30 Loom
17:29 Bow Saw
17:00 Horse Collar
16:55 Crossbowman
21:06 Ballistics
21:56 Forging
22:00 Fletching
24:25 Town Watch
25:53 Padded Archer Armor
27:59 Bodkin Arrow
29:24 Heavy Plow
33:30 Imperial Age
32:11 Gold Mining
32:11 Stone Mining
33:09 Coinage
33:39 Wheelbarrow
33:07 Town Patrol
33:15 Town Patrol
34:25 Leather Archer Armor
35:17 Yeomen
34:25 Arbalester
36:48 Chemistry
40:27 Bracer
44:18 Siege Engineers
45:26 Hand Cart
optional_cookie
10:41 Feudal Age
14:25 Castle Age
12:41 Double-Bit Axe
12:51 Horse Collar
15:17 Bow Saw
21:55 Town Watch
21:55 Loom
23:41 Wheelbarrow
25:39 Scale Barding Armor
25:45 Forging
26:12 Bloodlines
27:59 Iron Casting
28:10 Heavy Plow
29:47 Chain Barding Armor
29:51 Husbandry
33:12 Imperial Age
30:58 Hand Cart
32:51 Cavalier
32:52 Heavy Camel Rider
34:08 Plate Barding Armor
34:34 Blast Furnace
34:44 Chemistry
35:45 Two-Man Saw
38:10 Savar
38:58 Devotion
39:34 Theocracy
39:54 Padded Archer Armor
42:05 Savar
46:17 Light Cavalry
46:58 Scale Mail Armor
47:16 Leather Archer Armor
48:19 Hussar
50:52 Coinage
52:32 Pikeman
53:13 Squires
53:35 Elite Skirmisher
54:37 Leather Archer Armor
54:12 Fletching
54:45 Ballistics
53:54 Halberdier
55:56 Ring Archer Armor
56:01 Bodkin Arrow
59:33 Scale Mail Armor
Connection lost

Rejoining the realm…

Still unreachable

The connection could not be restored.

Session expired

The server has moved on; the page needs a fresh start.